 Dungeon Crawl Stone Soup version 0.25.0-9-g26727b657a (webtiles) character file.

Game seed: 7738608884072328374

2610 Lekan the Spear-Bearer (level 9, -9/103 HPs)
             Began as a Merfolk Gladiator on June 19, 2020.
             Was a Believer of Zin.
             Mangled by an orc warrior
             ... wielding a +0 trident
              (10 damage)
             ... on level 6 of the Dungeon.
             The game lasted 00:39:20 (7433 turns).

Lekan the Spear-Bearer (Merfolk Gladiator)          Turns: 7433, Time: 00:39:21

Health: -9/103     AC: 24    Str: 16    XL:     9   Next: 59%
Magic:  0/9        EV:  2    Int:  7    God:    Zin [**....]
Gold:   214        SH:  0    Dex: 17    Spells: 8/8 levels left

rFire    . . .     SeeInvis .   a - +0 trident
rCold    + . .     Gourm    .   (no shield)
rNeg     + + +     Faith    .   (armour currently unavailable)
rPois    +         Spirit   +   (helmet currently unavailable)
rElec    .         Reflect  .   (cloak currently unavailable)
rCorr    .         Harm     .   (gloves currently unavailable)
MR       .....     NoTele   +   (boots currently unavailable)
Stlth    +++.......             g - amulet of guardian spirit
HPRegen  0.27/turn              n - ring of protection from cold
MPRegen  0.11/turn              (no ring)

@: tree-form, stab
A: (change form in water), (swift swim), (stealthy swim)
a: Recite, Vitalisation, Donate Gold, Renounce Religion


You were on level 6 of the Dungeon.
You worshipped Zin.
Zin was pleased with you.
You were not hungry.
You were a tree.
You visited 1 branch of the dungeon, and saw 6 of its levels.

You collected 284 gold pieces.
You donated 70 gold pieces to Zin.

Inventory:

Hand Weapons
 a - a +0 trident (weapon)
Missiles
 s - 10 poisoned darts (quivered)
Armour
 b - a +0 leather armour (melded)
 c - a +0 helmet
 h - a +2 cloak (melded)
 p - a +2 helmet (melded)
 q - a +1 pair of boots (melded)
Jewellery
 g - an amulet of guardian spirit (around neck)
 n - a ring of protection from cold (left branch)
Wands
 l - a wand of flame (25)
 u - a wand of acid (6)
Scrolls
 d - 2 scrolls of teleportation
 j - 3 scrolls of enchant armour
 o - a scroll of enchant weapon
 t - a scroll of remove curse
 y - 2 scrolls of identify
Potions
 i - 3 potions of flight
 r - a potion of cancellation
 w - a potion of brilliance {unknown}
Comestibles
 f - 9 rations
 A - a chunk of flesh


   Skills:
 + Level 6.0 Fighting
 + Level 12.0 Polearms
 + Level 2.4 Throwing
 * Level 4.1 Armour
 + Level 7.1 Dodging
 + Level 4.0 Stealth
 + Level 0.3 Invocations
 + Level 1.0 Evocations


You had 8 spell levels left.
You didn't know any spells.
Your spell library was empty.

Dungeon Overview and Level Annotations

Branches:
Dungeon (6/15)
 Temple: D:4-7

Altars:
Ashenzari
Makhleb
Nemelex Xobeh
Ru
Uskayaw
Wu Jian
Zin
The Shining One


Message History

The bullfrog is heavily wounded.
The bullfrog hits you but does no damage.
The leopard gecko barely misses you. The bullfrog barely misses you.
You puncture the bullfrog!
You kill the bullfrog!
Your Dodging skill increases to level 7!
The leopard gecko bites you.
You puncture the leopard gecko!
You kill the leopard gecko!
Your Fighting skill increases to level 6!
The centaur shoots an arrow.
The arrow hits you but does no damage.
You are too injured to fight recklessly!
The centaur shoots an arrow.
The arrow hits you but does no damage.
You cannot move.
The centaur unwields a +0 shortbow.
The centaur hits you.
* * * LOW HITPOINT WARNING * * *
You barely miss the centaur.
The centaur is severely wounded.
The orc warrior hits you from afar with a +0 trident!
You die...

#. #.##?(# #. #.#...#
#..#(#...# #
#....$F..##.# #..# #.
#......#. ##
#..###§##..$....
#....>§§§§##{o....#
#.##...§§♣co## ##c#
#.###.###.######§###(##
# #.#.....#.# ##o#(##
#.#.#.....#.########(##
##.............(......#
# ###......############
# ###......#
###....(.#.#
...........#


You could see an orc warrior and a centaur.

Vanquished Creatures
  Grinder (D:4)
  Sigmund (D:3)
  Edmund (D:4)
  Duvessa (D:5)
  4 sky beasts (D:5)
  An ogre (D:4)
  3 centaurs
  3 bullfrogs
  Dowan (D:5)
  2 scorpions
  5 wights (D:5)
  A crimson imp (D:5)
  A quasit (D:5)
  A hound (D:5)
  2 orc priests (D:4)
  2 bullfrog skeletons
  A centaur zombie (D:5)
  2 iguanas
  Natasha (thrice) (D:2)
  5 orc wizards
  3 worker ants
  Robin (D:4)
  6 adders
  2 shadow imps (D:5)
  2 oozes
  An adder skeleton (D:4)
  An adder zombie (D:5)
  2 worms (D:4)
  2 dart slugs
  6 leopard geckos
  15 orcs
  A ball python (D:5)
  15 bats
  4 giant cockroaches
  15 goblins
  9 hobgoblins
  6 jackals
  4 quokkas
  2 frilled lizards (D:1)
  A jackal skeleton (D:5)
  6 kobolds
  A quokka skeleton (D:4)
  7 rats
153 creatures vanquished.

Notes
Turn   | Place    | Note
-------+----------+-------------------------------------------
     0 | D:1      | Lekan the Merfolk Gladiator began the quest for the Orb.
     0 | D:1      | Reached XP level 1. HP: 16/16 MP: 1/1
   179 | D:1      | Reached XP level 2. HP: 22/22 MP: 2/2
   428 | D:1      | Reached skill level 5 in Polearms
   660 | D:1      | Reached XP level 3. HP: 27/27 MP: 3/3
  1407 | D:2      | Reached skill level 6 in Polearms
  1617 | D:2      | Noticed Natasha
  1629 | D:2      | Killed Natasha
  1629 | D:2      | Reached skill level 1 in Armour
  1629 | D:2      | Reached XP level 4. HP: 12/34 MP: 4/4
  1918 | D:2      | Noticed Natasha
  1931 | D:2      | Killed Natasha
  2314 | D:2      | Reached XP level 5. HP: 36/39 MP: 5/5
  2403 | D:2      | Noticed Natasha
  2411 | D:2      | Killed Natasha
  2411 | D:2      | Reached skill level 1 in Stealth
  2454 | D:2      | Noticed a green death
  2455 | D:2      | Found a burning altar of Makhleb.
  2459 | D:2      | Found a glowing silver altar of Zin.
  2459 | D:2      | Noticed an angel
  2547 | D:2      | Became a worshipper of Zin the Law-Giver
  2548 | D:2      | Donated 42 gold pieces to Zin
  2683 | D:3      | Noticed Sigmund
  2798 | D:3      | Reached * piety under Zin
  2831 | D:3      | Found a sacrificial altar of Ru.
  2832 | D:3      | Found a shattered altar of Ashenzari.
  3486 | D:3      | Killed Sigmund
  3486 | D:3      | Reached skill level 7 in Polearms
  3486 | D:3      | Reached XP level 6. HP: 25/47 MP: 2/6
  3777 | D:4      | Reached XP level 7. HP: 48/52 MP: 5/7
  3871 | D:4      | Reached skill level 8 in Polearms
  4111 | D:4      | Noticed Robin
  4129 | D:4      | Killed Robin
  4328 | D:4      | Noticed a +0 hand axe
  4328 | D:4      | Noticed a +0 dagger
  4332 | D:4      | Found a hide-covered altar of Uskayaw.
  4332 | D:4      | Noticed Edmund
  4382 | D:4      | Killed Edmund
  4382 | D:4      | Reached skill level 9 in Polearms
  4382 | D:4      | Reached skill level 5 in Dodging
  5055 | D:4      | Reached XP level 8. HP: 60/60 MP: 8/8
  5294 | D:4      | Found a sparkling altar of Nemelex Xobeh.
  5295 | D:4      | Noticed Grinder
  5317 | D:4      | Paralysed by Grinder for 4 turns
  5334 | D:4      | Killed Grinder
  5334 | D:4      | Reached skill level 10 in Polearms
  5556 | D:5      | Entered Level 5 of the Dungeon
  5896 | D:5      | Reached skill level 1 in Evocations
  5931 | D:5      | Reached skill level 5 in Fighting
  5931 | D:5      | Reached skill level 11 in Polearms
  6138 | D:5      | Reached ** piety under Zin
  6167 | D:5      | Reached XP level 9. HP: 64/68 MP: 7/9
  6229 | D:5      | Found an ornate altar of the Wu Jian Council.
  6251 | D:5      | Noticed Duvessa
  6256 | D:5      | Noticed Dowan
  6275 | D:5      | Killed Duvessa
  6282 | D:5      | Killed Dowan
  6591 | D:5      | Found a transporter.
  6598 | D:5      | Found a transporter.
  6665 | D:5      | Found a glowing golden altar of the Shining One.
  7395 | D:6      | Reached skill level 12 in Polearms
  7422 | D:6      | HP: 3/69 [leopard gecko (3)]
  7426 | D:6      | HP: 1/69 [bullfrog (3)]
  7432 | D:6      | HP: 1/103 [centaur (1)]
  7433 | D:6      | Mangled by an orc warrior

Illustrated notes

Levels and vault maps discovered:
D:1:      erik_arrival_cave_to_civilisation [erik_arrival_cave_to_hall],
          layout_basic, hangedman_abyss_or_decor_lesser_grid,
          minmay_misc_feat_nine_boxes, chequers_arboretum, hex_medium,
          minmay_pentomino_r4
D:2:      layout_basic, grunt_temple_overflow_order_and_chaos_2, first_ration,
          uniq_natasha
D:3:      layout_loops_ring, gammafunk_temple_overflow_statue, uniq_sigmund
D:4:      layout_loops_corners, dancing_weapons_uskayaw, lemuel_round_altar,
          uniq_grinder, uniq_edmund, uniq_robin
D:5:      layout_loops_ring, gammafunk_temple_overflow_arena, tso_altar,
          uniq_duvessa
D:6:      layout_loops_ring, minmay_temple_entry_wispy

Skill      XL: |  1  2  3  4  5  6  7  8  9 |
---------------+----------------------------+-----
Polearms       | 5 6 7 9 11 12 | 12.0
Armour         | 1 2 3 4 |  4.1
Stealth        | 2 3 4 |  4.0
Fighting       | 3 4 5 6 |  6.0
Dodging        | 5 6 7 |  7.1
Evocations     | 1 |  1.0
Throwing       | |  2.4
Invocations    | |  0.3

Action                   |  1- 3 |  4- 6 |  7- 9 || total
-------------------------+-------+-------+-------++-------
Melee: Trident           |   146 |   125 |   511 ||   782
Throw: Throwing net      |     4 |       |       ||     4
       Dart              |       |       |     9 ||     9
Invok: Donate Gold       |       |     1 |       ||     1
       Recite            |       |       |     1 ||     1
Evoke: Wand              |       |       |     3 ||     3
  Use: Potion            |       |     8 |     8 ||    16
       Scroll            |       |     6 |     5 ||    11
 Stab: Sleeping          |     1 |     5 |     3 ||     9
       Distracted        |       |     1 |     2 ||     3
  Eat: Chunk             |     2 |     5 |     4 ||    11
       Ration            |       |     1 |     2 ||     3
Armor: Leather armour    |    35 |    12 |   123 ||   170
       Skin              |       |       |     4 ||     4
Dodge: Dodged            |    93 |    51 |   319 ||   463
